 Dungeon Crawl Stone Soup version 0.23.2-1-ga50397a (webtiles) character file.

Game seed: 11192920115429131636

851 Mesmaeker13 the Skirmisher (level 7, -4/56 HPs)
             Began as a Demonspawn Fighter on May 29, 2019.
             Slain by a two-headed ogre
             ... wielding a +0 giant club
              (27 damage)
             ... on level 5 of the Dungeon.
             The game lasted 00:08:49 (5592 turns).

Mesmaeker13 the Skirmisher (Demonspawn Fighter)     Turns: 5592, Time: 00:08:49

Health: -4/56      AC: 10    Str: 18    XL:     7   Next: 69%
Magic:  0/7        EV:  7    Int: 10    God:
Gold:   172        SH: 10    Dex: 20    Spells: 6/6 levels left

rFire    . . .     SeeInvis .   a - +1 long sword
rCold    . . .     Gourm    .   c - +0 shield
rNeg     . . .     Faith    .   b - +0 scale mail
rPois    +         Spirit   +   y - +1 helmet
rElec    .         Reflect  .   (no cloak)
rCorr    .         Harm     .   x - +0 pair of gloves
MR       .....                  (no boots)
Stlth    ++........             (no amulet)
HPRegen  0.18/turn              g - +2 ring of strength
MPRegen  0.10/turn              k - ring of poison resistance

@: lightly drained
A: talons 1, thin skeletal structure 3, magic shield
a: no special abilities


You were on level 5 of the Dungeon.
You were not hungry.

You visited 1 branch of the dungeon, and saw 6 of its levels.

You collected 172 gold pieces.

Inventory:

Hand Weapons
 a - a +1 long sword (weapon)
 n - a +1 dagger of freezing
Missiles
 j - 5 tomahawks of returning (quivered)
 w - 2 curare-tipped needles
Armour
 b - a +0 scale mail (worn)
 c - a +0 shield (worn)
 v - a +0 chain mail
 x - a +0 pair of gloves (worn)
 y - a +1 helmet (worn)
Jewellery
 g - a +2 ring of strength (left hand)
 k - a ring of poison resistance (right hand)
Scrolls
 e - 2 scrolls of enchant weapon
 l - a scroll of blinking
 o - 2 scrolls of fog
 p - a scroll of magic mapping
 q - 2 scrolls of amnesia
 s - 2 scrolls of remove curse
Potions
 d - a potion of might
 h - a potion of curing
 i - a potion of haste
 m - a potion of lignification
 r - 2 potions of flight
 t - a potion of agility {unknown}
 z - a potion of cancellation {unknown}
 A - 2 potions of resistance {unknown}
Comestibles
 f - 5 rations


   Skills:
 + Level 5.2(4.8) Fighting
 + Level 4.2(3.9) Long Blades
 + Level 4.8(4.4) Armour
 + Level 4.7(4.4) Shields


You had 6 spell levels left.
You didn't know any spells.
Your spell library was empty.

Dungeon Overview and Level Annotations

Branches:
Dungeon (6/15)
 Temple: D:4-7

Altars:
Ashenzari
Makhleb
Qazlal
Sif Muna
Wu Jian
Xom
The Shining One

Annotations:
D:2 Sigmund
D:3 1 runed translucent door, TrebMcFLY's ghost, amateur DEFE
D:6 Menkaure


Innate Abilities, Weirdness & Mutations

You have sharp toenails.
You have an unnaturally thin skeletal structure. (Dex +6, Stealth++)
When hurt, damage is shared between your health and your magic reserves.


Message History

Magic restored.
You start resting.
HP restored.
You start waiting.
All of the chunks of flesh in your inventory have rotted away.
Done waiting.
There is a stone staircase leading down, spattered with blood here.
You climb downwards.
Level annotation: Menkaure The two-headed ogre hits you with a +0 giant club.
The two-headed ogre hits you with a +0 giant spiked club!!
There is a stone staircase leading up, spattered with blood here.
Unknown command.
The two-headed ogre hits you with a +0 giant club!
The two-headed ogre completely misses you.
You block the wight's attack.
You climb upwards.
There is a stone staircase leading down, spattered with blood here.
The two-headed ogre hits you with a +0 giant club!!
You die...

.#)# ##.#.#..#.....# #...... .#.#
#####...#..##.#### #...... .#.#
#.......#..##.# #...... ##.#
###.###.(##..##.# #...... ...#
#..........(.##.######...... ####
#.#.#...#.#.###...........## ..#
#.#.#...#.#.# #.############ ..#
#)#.#...#...###.............
..####)#.#...##[@#...############
.......#.....##O>#.#.#
..###..#.....#####.##### ..#
#..#.#...# #.....# ..# #..#.....#
###.###.# ### #..#.#.#.# #...###.#
.####..#.#.#.###....##.##########
...##..#.#.#......_.....รท#......#
....##.#.#.#.#.##....###........#


You could see a two-headed ogre.

Vanquished Creatures
  An ogre (D:5)
  A centaur (D:5)
  A bullfrog (D:6)
  A howler monkey (D:5)
  A gnoll shaman (D:5)
  2 orc priests (D:5)
  2 hounds (D:5)
  An iguana (D:5)
  A jelly (D:5)
  A bullfrog skeleton (D:4)
  2 orc wizards (D:5)
  2 worker ants
  A hound skeleton (D:4)
  A worker ant zombie (D:5)
  Robin (D:3)
  6 adders
  4 gnolls (D:5)
  3 worms
  3 dart slugs
  3 leopard geckos
  11 orcs
  3 giant cockroaches
  20 goblins
  13 hobgoblins
  4 jackals (D:5)
  A quokka (D:3)
  2 ball pythons
  8 bats
  3 frilled lizards (D:1)
  6 kobolds
  2 leopard gecko skeletons
  9 rats
120 creatures vanquished.

Notes
Turn   | Place    | Note
-------+----------+-------------------------------------------
     0 | D:1      | Mesmaeker13 the Demonspawn Fighter began the quest for the
                  | Orb.
     0 | D:1      | Reached XP level 1. HP: 18/18 MP: 1/1
   333 | D:1      | Gained mutation: When hurt, damage is shared between your
                  | health and your magic reserves. [demonic ancestry]
   333 | D:1      | Reached XP level 2. HP: 21/24 MP: 2/2
   713 | D:1      | Reached XP level 3. HP: 25/29 MP: 0/3
  1058 | D:2      | Gained mutation: You have a somewhat thin skeletal
                  | structure. (Dex +2, Stealth) [demonic ancestry]
  1058 | D:2      | Reached XP level 4. HP: 20/35 MP: 4/4
  1261 | D:2      | Noticed Sigmund
  1939 | D:3      | Gained mutation: You have a moderately thin skeletal
                  | structure. (Dex +4, Stealth+) [demonic ancestry]
  1939 | D:3      | Reached XP level 5. HP: 37/42 MP: 5/5
  1975 | D:3      | Noticed Robin
  1997 | D:3      | Killed Robin
  2036 | D:3      | Reached skill level 4 in Fighting
  2305 | D:3      | Found a runed translucent door.
  2305 | D:3      | Noticed TrebMcFLY's ghost (amateur DEFE)
  2995 | D:4      | Found a stormy altar of Qazlal.
  3005 | D:4      | Found an ornate altar of the Wu Jian Council.
  3005 | D:4      | Found a shattered altar of Ashenzari.
  3007 | D:4      | Found a burning altar of Makhleb.
  3009 | D:4      | Found a shimmering altar of Xom.
  3416 | D:5      | Entered Level 5 of the Dungeon
  3458 | D:5      | Found a glowing golden altar of the Shining One.
  3479 | D:5      | Gained mutation: You have sharp toenails. [demonic
                  | ancestry]
  3479 | D:5      | Reached XP level 6. HP: 48/48 MP: 6/6
  4305 | D:5      | Found a deep blue altar of Sif Muna.
  4431 | D:5      | Gained mutation: You have an unnaturally thin skeletal
                  | structure. (Dex +6, Stealth++) [demonic ancestry]
  4431 | D:5      | Reached XP level 7. HP: 55/55 MP: 7/7
  4663 | D:6      | Noticed Menkaure
  4953 | D:5      | Reached skill level 5 in Fighting
  5309 | D:6      | Noticed a two-headed ogre
  5592 | D:5      | Slain by a two-headed ogre

Skill      XL: |  1  2  3  4  5  6  7 |
---------------+----------------------+-----
Long Blades    | 2 3 4 |  4.2
Armour         | 3 4 |  4.8
Shields        | 3 4 |  4.7
Fighting       | 4 5 |  5.2

Action                   |  1- 3 |  4- 6 |  7- 9 || total
-------------------------+-------+-------+-------++-------
Melee: Long sword        |   136 |   234 |    65 ||   435
       Kick              |       |    17 |    25 ||    42
Throw: Tomahawk          |       |     3 |     2 ||     5
  Use: Scroll            |       |    10 |       ||    10
       Potion            |       |     4 |       ||     4
 Stab: Sleeping          |       |       |     1 ||     1
  Eat: Chunk             |     1 |     7 |     4 ||    12
       Ration            |       |     1 |       ||     1
Armor: Scale mail        |    71 |    71 |    54 ||   196
       Skin              |       |    13 |       ||    13
Dodge: Dodged            |    46 |    54 |    26 ||   126
Block: Shield            |    89 |   141 |    40 ||   270
       Rpst.: Long sword |    13 |    14 |     7 ||    34
